 Dungeon Crawl Stone Soup version 0.13-a0-3016-gcb2faac (webtiles) character file.

2688 PolkaDot the Cloud Mage (level 9, 0/55 HPs)
             Began as a Vampire Wizard on Sept 13, 2013.
             Was a Follower of Vehumet.
             Slain by a killer bee (10 damage)
             ... on Level 7 of the Dungeon.
             The game lasted 00:49:35 (8948 turns).

PolkaDot the Cloud Mage (Vampire Wizard)            Turns: 8948, Time: 00:49:35

HP   0/55        AC  2     Str  4      XL: 9   Next: 16%
MP   0/19        EV 12     Int 23      God: Vehumet [*.....]
Gold 408         SH  8     Dex 12      Spells:  4 memorised,  6 levels left

Res.Fire  : . . .   See Invis. : +   q - +1,+0 elf sabre
Res.Cold  : . . .   Warding    : +   r - +0 elf robe
Life Prot.: + . .   Conserve   : .   v - +0 buckler {reflect}
Res.Poison: +       Res.Corr.  : .   b - +1 wizard hat
Res.Elec. : .       Clarity    : .   (no cloak)
Sust.Abil.: . .     Spirit.Shd : .   (no gloves)
Res.Mut.  : .       Stasis     : .   (no boots)
Res.Rott. : .       Flight     : .   u - amulet of warding {unknown}
Saprovore : . . .                    (no ring)
                                     e - ring of poison resistance

@: regenerating quickly, very slightly contaminated, somewhat resistant to
hostile enchantments, stealthy
A: bottle blood, fangs 3, see invisible, deformed body, screaming 1,
unbreathing, Str -2
a: Bottle Blood, Renounce Religion


You were on level 7 of the Dungeon.
You worshipped Vehumet.
Vehumet was most pleased with you.
You were full.

You visited 2 branches of the dungeon, and saw 8 of its levels.

You collected 388 gold pieces.

Inventory:

Hand weapons
 q - a +1,+0 elven sabre (weapon)
Armour
 b - a +1 wizard hat (worn)
 r - a +0 elven robe (worn)
 v - a +0 buckler of reflection (worn)
Magical devices
 k - a wand of draining (5)
 n - a wand of magic darts (8)
 s - a wand of frost (15)
Scrolls
 a - a scroll of recharging
 d - a scroll of fog
 m - 2 scrolls of magic mapping
 o - a scroll of remove curse
 t - a scroll of identify
Jewellery
 e - a ring of poison resistance (left hand)
 h - an uncursed amulet of conservation
 u - an amulet of warding (around neck) {unknown}
Potions
 i - 3 potions of curing
 l - 2 potions of restore abilities
Books
 c - a book of Minor Magic

   Spells                             Type                      Level
   *Magic Dart                        Conjuration                  1
   Blink                              Translocation                2
   Call Imp                           Summoning                    2
   Repel Missiles                     Charms/Air                   2
   Slow                               Hexes                        2
   *Conjure Flame                     Conjuration/Fire             3
   *Mephitic Cloud                    Conjuration/Poison/Air       3
 p - a book of Minor Magic

   Spells                             Type                      Level
   *Magic Dart                        Conjuration                  1
   Blink                              Translocation                2
   Call Imp                           Summoning                    2
   Repel Missiles                     Charms/Air                   2
   Slow                               Hexes                        2
   *Conjure Flame                     Conjuration/Fire             3
   *Mephitic Cloud                    Conjuration/Poison/Air       3


   Skills:
 - Level 2.1 Dodging
 - Level 3.0 Stealth
 + Level 2.2 Shields
 - Level 3.0 Spellcasting
 - Level 6.3 Conjurations
   Level 1.0 Summonings
   Level 0.7 Translocations
 * Level 8.0 Air Magic
 + Level 2.1 Poison Magic


You had 6 spell levels left.
You knew the following spells:

 Your Spells              Type           Power        Failure   Level  Hunger
a - Sting                 Conj/Pois      ###.         1%          1    None
d - Mephitic Cloud        Conj/Pois/Air  ####....     4%          3    ###....
s - Conjure Flame         Conj/Fire      ###.....     12%         3    ###....
z - Magic Dart            Conj           ####         1%          1    None


Dungeon Overview and Level Annotations

Branches:
Dungeon (7/27)             Temple (1/1) D:6
    Orc: D:6-11

Altars:
Ashenzari
Cheibriados
Kikubaaqudgha
Makhleb
Nemelex Xobeh
Okawaru
Sif Muna
Trog
Vehumet
Xom
Yredelemnul
Zin
the Shining One

Annotations:
D:7 Joseph


Innate Abilities, Weirdness & Mutations

Your natural rate of healing is unusually fast.
You can bottle blood from corpses.
You have razor-sharp teeth.*
You have supernaturally acute eyesight.
You can survive without breathing.*
Armour fits poorly on your strangely shaped body.*
You occasionally shout uncontrollably.+ You are weak. (Str -2)


Message History

Zapping:
k - a wand of draining {zapped: 2}
Press: ? - help, Shift-Dir - straight line, f - killer bee
Aim: a killer bee The bolt of negative energy misses the killer bee.
The killer bee stings you.
* * * LOW HITPOINT WARNING * * *
The killer bee stings you but does no damage.
Evoke which item? (* to show all) (? for menu, Esc to quit)
Zapping:
k - a wand of draining {zapped: 3}
Press: ? - help, Shift-Dir - straight line, f - killer bee, p - killer bee
Aim: a killer bee (severely wounded, bewildered and confused, retreating)
The bolt of negative energy hits the killer bee.
The killer bee is drained!
The killer bee is almost dead.
The bolt of negative energy hits the killer bee.
The killer bee is drained!
You kill the killer bee!
Vehumet accepts your kill. The killer bee barely misses you.
The killer bee stings you!
You die...

#.##.# #.##.# . ####
#.##.# ...# ...# #.##.#
...# ##.# ##.##.###...#
##.#######......%#...#
................%#...#
##.#######.......#...#
#.# #......@#...##### #.#
###.#####k........
##.####
#...........)....%
#.....# #................
#.....# #...(............
#.....###................
........#...............
#...%.............@....
#.....#k...............


You could see Joseph (confused) and a killer bee.

Vanquished Creatures
  Eustachio (D:7)
  A hippogriff (D:7)
  A hungry ghost (D:7)
  An orc warrior (D:7)
  2 sky beasts
  A phantom (D:4)
  2 ogres
  Sigmund (D:7)
  Duvessa (D:5)
  2 giant frogs
  Blork the orc (D:5)
  2 killer bees (D:7)
  A goliath beetle (D:6)
  Dowan (D:5)
  A quasit (D:6)
  A giant frog zombie (D:5)
  A hound (D:4)
  2 giant frog skeletons
  2 orc priests
  3 centaur skeletons
  8 orc wizards
  4 worker ants
  An iguana (D:6)
  A scorpion (D:5)
  Ijyb (D:5)
  An ogre skeleton (D:4)
  4 gnolls (D:3)
  An inept feature mimic (D:4)
  6 adders
  2 worms
  4 giant geckos
  An ooze (D:1)
  27 orcs
  A ball python (D:2)
  8 bats
  A bat zombie (D:5)
  13 goblins
  19 hobgoblins
  5 jackals
  A quokka (D:4)
  8 giant newts
  11 kobolds
  18 rats
  A rat skeleton (D:4)
175 creatures vanquished.

Vanquished Creatures (collateral kills)
  A killer bee (D:7)
1 creature vanquished.

Vanquished Creatures (others)
  An adder (D:7)
1 creature vanquished.

Grand Total: 177 creatures vanquished

Notes
Turn   | Place    | Note
--------------------------------------------------------------
     0 | D:1      | PolkaDot, the Vampire Wizard, began the quest for the Orb.
     0 | D:1      | Reached XP level 1. HP: 11/11 MP: 6/6
   175 | D:1      | Reached skill level 1 in Conjurations
   378 | D:1      | Reached XP level 2. HP: 17/17 MP: 1/8
   851 | D:1      | Reached XP level 3. HP: 22/22 MP: 6/10
   860 | D:1      | Learned a level 3 spell: Conjure Flame
   864 | D:1      | Learned a level 3 spell: Mephitic Cloud
  1379 | D:2      | Gained mutation: Armour fits poorly on your strangely shaped body. [potion of mutation]
  1379 | D:2      | Gained mutation: You are weak. (Str -2) [potion of mutation]
  1379 | D:2      | Gained mutation: You occasionally shout uncontrollably. [potion of mutation]
  2418 | D:3      | Reached XP level 4. HP: 28/28 MP: 9/12
  3559 | D:4      | Found a snail-covered altar of Cheibriados.
  3559 | D:4      | Noticed an ogre
  3686 | D:4      | Reached XP level 5. HP: 28/33 MP: 1/13
  3720 | D:4      | Killed an ogre
  3720 | D:4      | Reached skill level 4 in Conjurations
  3871 | D:4      | Found an ancient bone altar of Kikubaaqudgha.
  3878 | D:4      | Found a burning altar of Makhleb.
  3887 | D:4      | Found a shattered altar of Ashenzari.
  3909 | D:5      | Entered Level 5 of the Dungeon
  3920 | D:5      | Noticed a sky beast
  4040 | D:4      | Killed a sky beast
  4040 | D:4      | Reached XP level 6. HP: 14/39 MP: 0/15
  4151 | D:5      | Reached skill level 5 in Conjurations
  4222 | D:5      | Noticed Blork the orc
  4244 | D:5      | Noticed Dowan
  4246 | D:5      | Noticed Duvessa
  4430 | D:5      | Killed Dowan
  4517 | D:5      | Noticed Ijyb
  4517 | D:5      | Killed Duvessa
  4517 | D:5      | Reached XP level 7. HP: 44/44 MP: 2/17
  4627 | D:5      | Killed Ijyb
  4922 | D:5      | Found an ancient bone altar of Kikubaaqudgha.
  4935 | D:5      | Reached skill level 6 in Conjurations
  5143 | D:5      | Killed Blork the orc
  5776 | D:6      | Reached skill level 1 in Air Magic
  6110 | D:6      | Found a staircase to the Ecumenical Temple.
  6127 | Temple   | Entered the Ecumenical Temple
  6132 | Temple   | Became a worshipper of Vehumet
  6316 | D:6      | Reached XP level 8. HP: 50/50 MP: 11/18
  6990 | D:7      | Reached skill level 5 in Air Magic
  7378 | D:4      | Acquired Vehumet's first power
  7378 | D:4      | Offered knowledge of Sting by Vehumet.
  7764 | D:4      | Noticed a phantom
  7778 | D:4      | Killed a phantom
  8034 | D:7      | Noticed Joseph
  8057 | D:7      | Learned a level 1 spell: Sting
  8265 | D:6      | Reached skill level 7 in Air Magic
  8459 | D:7      | Found a glowing golden altar of the Shining One.
  8497 | D:7      | Reached skill level 1 in Shields
  8497 | D:7      | Reached skill level 1 in Poison Magic
  8689 | D:7      | Noticed Sigmund
  8722 | D:7      | Killed Sigmund
  8722 | D:7      | Reached XP level 9. HP: 55/55 MP: 8/19
  8930 | D:7      | Noticed Eustachio
  8946 | D:7      | Killed Eustachio
  8946 | D:7      | Reached skill level 8 in Air Magic
  8948 | D:7      | Slain by a killer bee

Action                   |  1- 3 |  4- 6 |  7- 9 || total
-------------------------+-------+-------+-------++-------
Melee: Dagger            |     5 |       |       ||     5
       Short sword       |    25 |     2 |       ||    27
       Sabre             |       |       |    19 ||    19
 Cast: Magic Dart        |   114 |   122 |   259 ||   495
       Mephitic Cloud    |       |    14 |    15 ||    29
       Conjure Flame     |       |     3 |    15 ||    18
       Sting             |       |       |    67 ||    67
Evoke: Wand              |       |     5 |     5 ||    10
  Use: Potion            |     5 |     5 |     5 ||    15
       Scroll            |     4 |     1 |    13 ||    18
 Stab: Invisible         |     1 |       |       ||     1
